 Dungeon Crawl Stone Soup version 0.30-a0-737-gf23d94013f (webtiles) character file.

Game seed: 8005586596789573344

3364 jimonade the Thaumaturge (level 10, -14/64 HPs)
             Began as a Djinni Hedge Wizard on Feb 3, 2023.
             Demolished by an orc warrior
             ... wielding a +0 battleaxe
              (18 damage)
             ... in a bailey.
             The game lasted 00:26:43 (7170 turns).

jimonade the Thaumaturge (Djinni Hedge Wizard)      Turns: 7170, Time: 00:26:44

Health: -14/64     AC:  7    Str: 11    XL:     10   Next: 23%
Gold:   360        EV: 12    Int: 17    God:
                   SH:  0    Dex: 14

rFire   + + .      SeeInvis .    a - +1 dagger (venom)
rCold   x . .      Faith    .    (no shield)
rNeg    + . .      Spirit   .    R - +0 acid dragon scales
rPois   ∞          Reflect  .    q - +0 helmet
rElec   .          Harm     .    (no cloak)
rCorr   +          Rampage  .    (no gloves)
Will    +....                    (boots unavailable)
Stlth   +                        s - amulet of regeneration
HPRegen 1.10/turn                e - ring of positive energy
MPRegen 0.00/turn                (no ring)

@: flying
A: sickness immunity, fire resistance 2, cold vulnerability 1, float, innate
caster, HP casting, extra vitality 1
a: no special abilities


You were in a bailey.
You visited 2 branches of the dungeon, and saw 8 of its levels.
You also visited: Sewer and Bailey.

You collected 490 gold pieces.
You spent 130 gold pieces at shops.

Inventory:

Hand Weapons
 a - a +1 dagger of venom (weapon)
 A - a +1 vampiric whip
 H - a +0 sling
 J - a +2 dagger of speed
Missiles
 c - 2 datura-tipped darts
 p - 44 poisoned darts
 v - a throwing net
 B - 3 curare-tipped darts
 G - 2 javelins
 L - 2 atropa-tipped darts
Armour
 b - a +0 robe
 h - a +0 leather armour
 q - a +0 helmet (worn)
 I - a +0 ring mail
 Q - an orb of mayhem
 R - +0 acid dragon scales (worn)
Magical Staves
 T - a staff of earth
Jewellery
 e - a ring of positive energy (left hand)
 s - an amulet of regeneration (around neck)
 V - a ring of positive energy
Wands
 C - a wand of iceblast (3)
 F - a wand of paralysis (1)
 K - a wand of mindburst (7)
 P - a wand of digging (1)
 S - a wand of light (9)
Scrolls
 f - a scroll of fog {unknown}
 g - 2 scrolls of magic mapping {unknown}
 i - 2 scrolls of torment {unknown}
 j - a scroll of immolation {unknown}
 m - 2 scrolls of vulnerability {unknown}
 t - a scroll of fear {unknown}
 u - 2 scrolls of teleportation {unknown}
 w - a scroll of blinking {unknown}
 x - a scroll of acquirement {unknown}
 y - a scroll of brand weapon {unknown}
 D - a scroll of identify {unknown}
 E - a scroll of amnesia {unknown}
 M - a scroll of noise {unknown}
 N - a scroll of butterflies {unknown}
 O - a scroll of enchant armour {unknown}
Potions
 d - 3 potions of magic
 k - 2 potions of heal wounds {unknown}
 l - 3 potions of mutation {unknown}
 n - 4 potions of curing {unknown}
 o - 2 potions of might {unknown}
 r - a potion of resistance {unknown}
 z - 3 potions of haste
 U - 2 potions of attraction {unknown}


   Skills:
 + Level 1.8 Fighting
 + Level 1.8 Short Blades
 + Level 2.9 Armour
 + Level 4.0 Dodging
 - Level 1.5 Stealth
 * Level 10.1 Spellcasting


You had 10 spell levels left.
You knew the following spells:

 Your Spells              Type           Power      Damage    Failure   Level
a - Magic Dart            Conj           100%       1d8       1%          1
b - Slow                  Hex            100%       N/A       1%          1
c - Blink                 Tloc           86%        N/A       1%          2
d - Call Imp              Summ           43%        N/A       1%          2
e - Mephitic Cloud        Conj/Pois/Air  43%        N/A       1%          3
f - Foxfire               Conj/Fire      100%       2x1d9     1%          1
g - Poisonous Vapours     Pois/Air       86%        N/A       1%          2
h - Ozocubu's Armour      Ice            43%        N/A       1%          3
i - Manifold Assault      Tloc           43%        N/A       1%          4
Your spell library was empty.

Dungeon Overview and Level Annotations

Branches:
Dungeon (7/15)             Temple (1/1) D:6           Sewer (visited)
 Bailey (1/1)

Altars:
Elyvilon
Fedhas
Hepliaklqana
Makhleb
Nemelex Xobeh
Okawaru
Qazlal
Ru
Uskayaw
Wu Jian
Xom
Yredelemnul
Zin
The Shining One

Shops:
D:6 [

Annotations:
D:7 1 runed translucent door, Jackthecabe's ghost, novice VSBr


Innate Abilities, Weirdness & Mutations

You are immune to sickness and miasma.
You are immune to poison.
Your flesh is very heat resistant. (rF++)
You are vulnerable to cold. (rC-)
You float through the air rather than walking.
You learn spells naturally, not from books.
Your magical power is your life essence.
You have superior vitality. (+4 MHP)


Message History

The orc warrior looks as sick as possible!
The orc warrior is moderately wounded.
The orc warrior hits you with a +0 hand axe.
You barely miss the orc warrior.
The orc warrior is heavily wounded.
The orc warrior misses you. The orc warrior closely misses you.
You hit the orc warrior but do no damage.
The orc warrior looks as sick as possible!
The orc warrior is heavily wounded.
The orc warrior hits you with a +0 battleaxe.
The orc warrior barely misses you.
You hit the orc warrior.
The orc warrior looks as sick as possible!
The orc warrior is heavily wounded.
You hit the orc warrior but do no damage.
The orc warrior is severely wounded.
The orc warrior hits you with a +0 battleaxe!
The orc warrior hits you with a +0 hand axe.
You are too injured to fight recklessly!
You are too injured to fight recklessly!
The orc warrior attacks as you move away!
The orc warrior hits you with a +0 battleaxe!
* * * LOW HITPOINT WARNING * * *
The orc warrior attacks as you move away!
The orc warrior barely misses you.
The orc warrior attacks as you move away!
The orc warrior closely misses you.
The orc warrior attacks as you move away!
The orc warrior barely misses you.
The orc warrior looks more healthy.
The orc warrior attacks as you move away!
The orc warrior barely misses you.
The orc warrior attacks as you move away!
The orc warrior hits you with a +0 hand axe!
* * * LOW HITPOINT WARNING * * *
You kill the orc warrior!
There is an open gate here.
The orc warrior attacks as you move away!
The orc warrior hits you with a +0 battleaxe!!
You die...

♣♣♣♣♣ ## ♣♣...♣♣♣♣
###.#+#
♣.....♣.♣###.)...###
♣.......##.........##
♣.......#...).).....#
♣.......'...........#
♣..∩.∩..@og...⌠.....#
♣.......'.).....)...#
♣.......#..g........#
♣.......##.........###
♣♣......♣###.....###.###
♣♣.♣♣♣♣♣ ###.#)#.....##
♣♣♣ ###.........
#...)...... #..........


You could see an orc warrior, a gnoll and a hobgoblin.

Vanquished Creatures
  Maggie (D:6)
  Sigmund (D:5)
  A wyvern (D:7)
  Duvessa (D:5)
  A water moccasin (D:7)
  3 orc warriors
  A black bear (D:4)
  2 ice beasts
  A phantom (D:7)
  7 kobold brigands (Sewer)
  3 bullfrogs
  3 necrophages
  Dowan (D:5)
  2 howler monkeys (D:6)
  An electric eel (D:7)
  3 hounds
  3 orc priests (D:5)
  An iguana (D:5)
  Natasha (thrice) (D:2)
  9 orc wizards
  11 adders
  6 gnolls
  A river rat (Sewer)
  4 shadow imps
  2 white imps
  4 worms
  3 dart slugs
  37 orcs
  9 endoplasms
  2 giant cockroaches
  13 goblins
  8 hobgoblins
  14 kobolds
  2 quokkas
  12 ball pythons
  8 bats
  11 rats
195 creatures vanquished.

Vanquished Creatures (collateral kills)
  An orc priest (D:6)
  2 orcs (D:6)
  A giant cockroach (D:4)
  A ball python (D:4)
5 creatures vanquished.

Vanquished Creatures (others)
  390 foxfires
390 creatures vanquished.

Grand Total: 590 creatures vanquished

Notes
Turn   | Place    | Note
-------+----------+-------------------------------------------
     0 | D:1      | jimonade the Djinni Hedge Wizard began the quest for the
                  | Orb.
     0 | D:1      | jimonade set off with the following spells memorised: Magic
                  | Dart, Slow, Blink, Call Imp, Mephitic Cloud.
     0 | D:1      | Reached XP level 1. HP: 15/15 MP: 0/0
   193 | D:1      | Reached XP level 2. HP: 18/21 MP: 0/0
   503 | D:1      | Reached skill level 3 in Spellcasting
   633 | D:1      | Reached XP level 3. HP: 24/25 MP: 0/0
   633 | D:1      | Learned a level 1 spell: Foxfire
   657 | D:1      | Found a faded altar of an unknown god.
   893 | D:2      | Noticed Natasha
   898 | D:2      | Killed Natasha
   899 | D:2      | Reached XP level 4. HP: 26/31 MP: 0/0
  1032 | D:2      | Found a blossoming altar of Fedhas.
  1151 | D:2      | Noticed Natasha
  1161 | D:2      | Killed Natasha
  1346 | D:2      | Noticed Natasha
  1363 | D:2      | Killed Natasha
  1364 | D:2      | Reached skill level 4 in Spellcasting
  1364 | D:2      | Reached XP level 5. HP: 24/35 MP: 0/0
  1364 | D:2      | Learned a level 2 spell: Poisonous Vapours
  2071 | D:3      | Found a blossoming altar of Fedhas.
  2571 | D:3      | Reached XP level 6. HP: 30/41 MP: 0/0
  2754 | D:3      | Found a glowing golden altar of the Shining One.
  3059 | D:3      | Found a hide-covered altar of Uskayaw.
  3086 | D:4      | Found a glowing drain.
  3105 | Sewer    | Entered a sewer
  3215 | Sewer    | Reached skill level 5 in Spellcasting
  3236 | Sewer    | Reached XP level 7. HP: 46/46 MP: 0/0
  3236 | Sewer    | Learned a level 3 spell: Ozocubu's Armour
  3315 | Sewer    | Reached skill level 1 in Fighting
  3325 | Sewer    | Reached skill level 6 in Spellcasting
  3596 | Sewer    | Reached XP level 8. HP: 52/52 MP: 0/0
  3907 | D:4      | Reached skill level 7 in Spellcasting
  4439 | D:5      | Entered Level 5 of the Dungeon
  4570 | D:5      | Noticed Duvessa
  4570 | D:5      | Noticed Dowan
  4583 | D:5      | Killed Duvessa
  4584 | D:5      | Reached skill level 1 in Short Blades
  4584 | D:5      | Killed Dowan
  4650 | D:5      | Reached XP level 9. HP: 54/57 MP: 0/0
  4650 | D:5      | Learned a level 4 spell: Manifold Assault
  4653 | D:5      | Noticed Sigmund
  4662 | D:5      | Killed Sigmund
  4663 | D:5      | Reached skill level 1 in Armour
  4663 | D:5      | Reached skill level 8 in Spellcasting
  5301 | D:6      | Found a staircase to the Ecumenical Temple.
  5325 | Temple   | Entered the Ecumenical Temple
  5379 | D:6      | Found Vangoe's Armour Emporium.
  5423 | D:6      | Bought an orb of mayhem for 130 gold pieces
  5481 | D:6      | Noticed Maggie
  5505 | D:6      | Killed Maggie
  5506 | D:6      | Reached skill level 9 in Spellcasting
  6523 | D:7      | Reached XP level 10. HP: 40/64 MP: 0/0
  6631 | D:7      | Noticed Jackthecabe's ghost (novice VSBr)
  6634 | D:7      | Found a runed translucent door.
  6650 | D:7      | Found a sparkling altar of Nemelex Xobeh.
  6938 | D:7      | Reached skill level 10 in Spellcasting
  6979 | D:7      | Found a flagged portal.
  6993 | Bailey   | Entered a bailey
  7168 | Bailey   | HP: 1/64 [orc warrior/+0 hand axe (14)]
  7170 | Bailey   | Demolished by an orc warrior

Illustrated notes

Levels and vault maps discovered:
D:1:      psy_arrival_radial02, layout_loops_ring,
          hellmonk_ecumenical_altar_zigzags
D:2:      layout_loops_ring, basic_altar, uniq_natasha
D:3:      layout_rooms, mainiacjoe_overflow_brackets,
          mainiacjoe_overflow_24_doors, nicolae_uskayaw_suspiria,
          kennysheep_generic_room_8
D:4:      layout_rooms, portal_sewer_entry_b
D:5:      layout_gridville, guppyfry_early_orc_mine, uniq_duvessa, uniq_sigmund
D:6:      layout_basic, minmay_temple_entry_stoned_glass, serial_shops, shop,
          uniq_maggie
D:7:      layout_basic, mainiacjoe_overflow_catwalk, enter_bailey_7,
          hellmonk_ghost_happy_afterlife, minivault_4
Temple:   minmay_freezing_vapour_temple
Bailey:   bailey_axe_minmay_hex_keep, bailey

Skill      XL: |  1  2  3  4  5  6  7  8  9 10 |
---------------+-------------------------------+-----
Spellcasting   | 3 4 5 6 7 9 10 | 10.1
Dodging        | 3 4 |  4.0
Fighting       | 1 |  1.8
Short Blades   | 1 |  1.8
Armour         | 2 |  2.9
Stealth        | |  1.5

Action                     |  1- 3 |  4- 6 |  7- 9 | 10-12 || total
---------------------------+-------+-------+-------+-------++-------
  Melee: Dagger            |       |    34 |   139 |    46 ||   219
         Punch             |       |     1 |     2 |       ||     3
   Cast: Magic Dart        |    44 |    22 |    12 |       ||    78
         Foxfire           |     8 |    38 |   149 |    40 ||   235
         Mephitic Cloud    |       |     5 |     3 |     1 ||     9
         Call Imp          |       |     3 |     2 |       ||     5
         Poisonous Vapours |       |    56 |    51 |       ||   107
         Slow              |       |       |     1 |       ||     1
         Manifold Assault  |       |       |    25 |    15 ||    40
   Stab: Confused          |       |     2 |     1 |       ||     3
 Armour: Robe              |     3 |    18 |     3 |       ||    24
         Acid dragon scale |       |       |    12 |     3 ||    15
         Leather armour    |       |       |     2 |       ||     2
  Dodge: Dodged            |     4 |    51 |    67 |    18 ||   140

Table legend: (Time is in decaauts)
 A = Elapsed time spent in this place.
 B = Non-inter-level travel time spent in this place.
 C = Inter-level travel time spent in this place.
 D = Time resting spent in this place.
 E = Time spent auto-exploring this place.
 F = Levels seen in this place.
 G = Mean time per level.
                   A        B        C        D        E       F      G
               +--------+--------+--------+--------+--------+-----+--------+
         Total |   7159 |   6820 |    339 |    438 |   4871 |  10 |  715.9 |
       Dungeon |   6253 |   5917 |    336 |    323 |   4393 |   7 |  893.3 |
        Temple |     27 |     24 |      3 |      0 |     22 |   1 |   27.0 |
         Sewer |    702 |    702 |      0 |      0 |    442 |   1 |  702.0 |
        Bailey |    175 |    175 |      0 |    115 |     14 |   1 |  175.0 |
               +--------+--------+--------+--------+--------+-----+--------+

Top non-repeatable levels by time:
     D:2: 1253 daAuts
     D:6: 1008 daAuts
     D:3: 950 daAuts
     D:1: 881 daAuts
     D:5: 843 daAuts
   Sewer: 702 daAuts
     D:7: 666 daAuts
     D:4: 649 daAuts
  Bailey: 175 daAuts
  Temple: 27 daAuts
